 Dungeon Crawl Stone Soup version 0.29-a0-330-g52719c12eb (webtiles) character file.

Game seed: 1916659566326645833

2187 kae the Firebug (level 8, -6/68 HPs)
             Began as a Demigod Fire Elementalist on Apr 18, 2022.
             Mangled by a wyvern (12 damage)
             ... on level 7 of the Dungeon.
             The game lasted 00:03:57 (7362 turns).

kae the Firebug (Demigod Fire Elementalist)         Turns: 7362, Time: 00:03:58

Health: -6/68      AC:  3    Str:  9      XL:     8   Next: 87%
Magic:  7/19       EV: 12    Int: 25      God:
Gold:   316        SH:  0    Dex: 19 (20) Spells: 4/17 levels left

rFire   . . .      SeeInvis .   j - +5 scythe (freeze)
rCold   . . .      Faith    .   (shield currently unavailable)
rNeg    . . .      Spirit   .   a - +1 robe
rPois   .          Reflect  .   (no helmet)
rElec   .          Harm     .   (no cloak)
rCorr   .          Rampage  .   (no gloves)
Will    .....                   (no boots)
Stlth   ++........              o - amulet of regeneration
HPRegen 1.01/turn               m - +6 ring of dexterity
MPRegen 0.16/turn               (no ring)

@: no status effects
A: high MP 1, forlorn, divine attributes
a: no special abilities


You were on level 7 of the Dungeon.
You visited 1 branch of the dungeon, and saw 7 of its levels.

You collected 316 gold pieces.

Inventory:

Hand Weapons
 d - a +0 hand axe
 j - a +5 scythe of freezing (weapon)
Armour
 a - a +1 robe (worn)
Magical Staves
 s - a staff of fire
Jewellery
 m - a +6 ring of dexterity (left hand)
 o - an amulet of regeneration (around neck)
 u - a ring of wizardry
Wands
 i - a wand of polymorph (1)
 l - a wand of digging (2)
 q - a wand of acid (5)
 v - a wand of mindburst (17)
Scrolls
 f - a scroll of identify
 n - a scroll of teleportation
Potions
 b - 2 potions of magic
 c - a potion of might
 e - a potion of degeneration
 g - 4 potions of curing
 h - 2 potions of brilliance
 k - a potion of heal wounds
 p - a potion of flight
 r - a potion of attraction


   Skills:
 - Level 5.0 Fighting
 + Level 0.8 Armour
 + Level 2.1 Dodging
 - Level 1.7 Stealth
 - Level 5.0 Spellcasting
 - Level 5.0 Conjurations
 - Level 7.0 Fire Magic


You had 4 spell levels left.
You knew the following spells:

 Your Spells              Type           Power      Damage    Failure   Level
a - Foxfire               Conj/Fire      100%       2x1d9     1%          1
b - Scorch                Fire           82%        2d9       1%          2
c - Conjure Flame         Conj/Fire      36%        6-21      1%          3
d - Inner Flame           Hex/Fire       23%        N/A       6%          3
e - Flame Wave            Conj/Fire      36%        2d9       7%          4

Your spell library contained the following spells:

 Spells                   Type           Power      Damage    Failure   Level
 Apportation              Tloc           12%        N/A       9%          1
 Sublimation of Blood     Necr           6%         N/A       12%         2
 Petrify                  Tmut/Erth      6%         N/A       63%         4
 Irradiate                Conj/Tmut      9%         3d16      63%         5
 Alistair's Intoxication  Tmut/Pois      4%         N/A       92%         5


Dungeon Overview and Level Annotations

Branches:
Dungeon (7/15)             Temple (0/1) D:5


Innate Abilities, Weirdness & Mutations

You have an increased reservoir of magic. (+10% MP)
You shall have no god before yourself.
Your divine heritage dramatically boosts your attributes as you level up.


Message History

You destroy the wight!
You hear an angry hiss.
Your Dodging skill increases to level 2!
You start resting.
A wyvern comes into view.
Casting: Scorch (safe; 1% risk of failure)
Confirm with . or Enter, or press ? or * to list all spells.
You conjure some foxfire!
The foxfire hits the wyvern but does no damage.
The foxfire hits the wyvern.
The wyvern is lightly wounded.
Casting: Foxfire (safe; 1% risk of failure)
Confirm with . or Enter, or press ? or * to list all spells.
Flames lash the wyvern.
The wyvern is moderately wounded.
The wyvern's fire resistance burns away.
The wyvern bites you!
Casting: Scorch (safe; 1% risk of failure)
Confirm with . or Enter, or press ? or * to list all spells.
Flames lash the wyvern.
The wyvern is burned terribly!
The wyvern is heavily wounded.
The wyvern bites you. The wyvern bites you!!
The wyvern hisses menacingly.
The wyvern closely misses you.
Casting: Scorch (safe; 1% risk of failure)
Confirm with . or Enter, or press ? or * to list all spells.
Flames lash the wyvern but do no damage.
The wyvern bites you! The wyvern barely misses you. The wyvern bites you!
* * * LOW HITPOINT WARNING * * *
Casting: Scorch (safe; 1% risk of failure)
Confirm with . or Enter, or press ? or * to list all spells.
Flames lash the wyvern.
The wyvern is burned terribly!
The wyvern is severely wounded.
The wyvern bites you!
* * * LOW HITPOINT WARNING * * *
The wyvern bites you.
* * * LOW HITPOINT WARNING * * *
The wyvern bites you!
You die...

#.#..# ##.....# ##.##.#
##.....# #..##.#
#....... #.#...#
#....... #...#.##
#.......
##.###..###......# ..
#..##...........##
....###..##........####
.....)l@...........#
#...##.#.##......>.#
.......#.##........#
..#....##........# ..#
##.#.####.###### #
#....## #.##
#....#..###..#
#..##.##..###.## ....
.. ##..##[.##


You could see a wyvern (combustible).

Vanquished Creatures
  Grinder (D:3)
  Sigmund (D:3)
  Eustachio (D:6)
  Edmund (D:4)
  2 water moccasins
  A sky beast (D:6)
  2 ogres (D:6)
  A centaur (D:5)
  3 phantoms
  A necrophage (D:5)
  2 wights
  An electric eel (D:6)
  2 howler monkeys
  A hound (D:6)
  3 jellies (D:5)
  A gnoll shaman (D:6)
  An orc priest (D:5)
  Ijyb (D:3)
  5 iguanas
  An orc wizard (D:6)
  5 gnolls (D:6)
  4 adders
  A white imp (D:7)
  2 ufetubi
  A dart slug (D:3)
  11 orcs
  4 endoplasms
  A giant cockroach (D:3)
  4 goblins
  7 hobgoblins
  2 quokkas
  5 ball pythons
  3 bats
  2 frilled lizards (D:2)
  8 kobolds
  5 rats
97 creatures vanquished.

Vanquished Creatures (collateral kills)
  7 foxfires (D:5)
7 creatures vanquished.

Vanquished Creatures (others)
  282 foxfires
  3 withered plants (D:5)
285 creatures vanquished.

Grand Total: 389 creatures vanquished

Notes
Turn   | Place    | Note
-------+----------+-------------------------------------------
     0 | D:1      | kae the Demigod Fire Elementalist began the quest for the
                  | Orb.
     0 | D:1      | Reached XP level 1. HP: 14/14 MP: 5/5
    34 | D:1      | Noticed a great orb of eyes
    48 | D:1      | Noticed a golden eye
    48 | D:1      | Noticed a shining eye
    48 | D:1      | Noticed a great orb of eyes
   262 | D:1      | Reached skill level 1 in Conjurations
   765 | D:1      | Reached skill level 3 in Fire Magic
   826 | D:1      | Reached XP level 2. HP: 20/20 MP: 2/7
   876 | D:1      | Learned a level 2 spell: Scorch
  2090 | D:3      | Reached XP level 3. HP: 26/26 MP: 2/8
  2309 | D:3      | Noticed Ijyb
  2314 | D:3      | HP: 1/26 [Ijyb/iceblast (5)]
  2669 | D:4      | Noticed Edmund
  2689 | D:4      | Killed Edmund
  2690 | D:4      | Reached skill level 4 in Fire Magic
  2690 | D:4      | Reached XP level 4. HP: 33/33 MP: 1/10
  2799 | D:4      | Reached XP level 5. HP: 38/38 MP: 4/12
  2868 | D:3      | Noticed Sigmund
  2876 | D:3      | Killed Sigmund
  2877 | D:3      | Reached skill level 5 in Fire Magic
  2877 | D:3      | Reached XP level 6. HP: 32/45 MP: 9/13
  3005 | D:3      | Noticed Grinder
  3014 | D:3      | Paralysed by Grinder for 2 turns
  3029 | D:3      | Killed Grinder
  3497 | D:3      | Learned a level 3 spell: Conjure Flame
  3512 | D:3      | Killed Ijyb
  3945 | D:3      | Learned a level 3 spell: Inner Flame
  3985 | D:4      | Reached XP level 7. HP: 28/50 MP: 7/15
  4297 | D:4      | Learned a level 4 spell: Flame Wave
  4387 | D:4      | Reached skill level 6 in Fire Magic
  4958 | D:5      | Entered Level 5 of the Dungeon
  5554 | D:5      | Found a staircase to the Ecumenical Temple.
  6014 | D:6      | Reached skill level 7 in Fire Magic
  6014 | D:6      | Reached XP level 8. HP: 52/57 MP: 8/18
  6205 | D:6      | Reached skill level 5 in Conjurations
  6413 | D:6      | Reached skill level 5 in Spellcasting
  6453 | D:6      | Reached skill level 1 in Fighting
  6542 | D:6      | Noticed Eustachio
  6556 | D:6      | Killed Eustachio
  7250 | D:7      | Reached skill level 5 in Fighting
  7362 | D:7      | Mangled by a wyvern

Illustrated notes

Levels and vault maps discovered:
D:1:      dpeg_arrival_subterranean_lakeside_camping, layout_loops_ring,
          hellmonk_ecumenical_altar_watching_god, serial_aquarium,
          aquarium_bridge_square [aquarium_subvault_wall,
          aquarium_subvault_wall, aquarium_subvault_bridge,
          aquarium_subvault_bridge], aquarium_window_1,
          aquarium_window_corridor_3, aquarium_view_2c, aquarium_pool_1,
          nicolae_concentric_dashed_squares_wild, glass_columns_a
D:2:      layout_loops_cross
D:3:      layout_basic, uniq_sigmund, uniq_ijyb, uniq_grinder
D:4:      layout_loops_ring, palyth_stone_intersect, uniq_edmund
D:5:      layout_loops_ring, kiku_gazebo_garden_becter,
          minmay_temple_entry_antechambers
D:6:      layout_gridville, grunt_dithmenos_smoke_and_mirrors, st_stairs_13,
          minivault_4, minmay_misc_feat_five, uniq_eustachio
D:7:      layout_rooms, enter_bailey_3, minmay_holes

Skill      XL: |  1  2  3  4  5  6  7  8 |
---------------+-------------------------+-----
Conjurations   | 1 2 3 4 5 |  5.0
Fire Magic     | 3 4 5 7 |  7.0
Spellcasting   | 2 3 4 5 |  5.0
Fighting       | 5 |  5.0
Dodging        | 2 |  2.1
Armour         | |  0.8
Stealth        | |  1.7

Action                   |  1- 3 |  4- 6 |  7- 9 || total
-------------------------+-------+-------+-------++-------
Melee: Unarmed           |     5 |       |       ||     5
       Hand axe          |     5 |       |       ||     5
       Scythe            |       |     4 |    10 ||    14
 Cast: Foxfire           |    41 |    24 |   105 ||   170
       Scorch            |    22 |    14 |    41 ||    77
       Conjure Flame     |       |       |     1 ||     1
  Use: Scroll            |     2 |     1 |     7 ||    10
       Potion            |     4 |     1 |     3 ||     8
 Stab: Sleeping          |     1 |       |       ||     1
Armor: Robe              |     3 |       |    19 ||    22
       Skin              |     8 |     6 |       ||    14
Dodge: Dodged            |    17 |     4 |    79 ||   100

Table legend: (Time is in decaauts)
 A = Elapsed time spent in this place.
 B = Non-inter-level travel time spent in this place.
 C = Inter-level travel time spent in this place.
 D = Time resting spent in this place.
 E = Time spent auto-exploring this place.
 F = Levels seen in this place.
 G = Mean time per level.
                   A        B        C        D        E       F      G
               +--------+--------+--------+--------+--------+-----+--------+
         Total |   7379 |   7199 |    180 |    302 |   6026 |   7 | 1054.1 |
       Dungeon |   7379 |   7199 |    180 |    302 |   6026 |   7 | 1054.1 |
               +--------+--------+--------+--------+--------+-----+--------+

Top non-repeatable levels by time:
     D:4: 1567 daAuts
     D:3: 1373 daAuts
     D:1: 1279 daAuts
     D:6: 1213 daAuts
     D:5: 1019 daAuts
     D:2: 768 daAuts
     D:7: 158 daAuts
